 Dungeon Crawl Stone Soup version 0.29.1-15-g9cfb28693d (webtiles) character file.

Game seed: 10255130186047325684

254 Artool the Trooper (level 5, -2/43 HPs)
             Began as a Demonspawn Fighter on Apr 6, 2023.
             Slain by an orc
             ... wielding a +0 short sword
              (3 damage)
             ... on level 3 of the Dungeon.
             The game lasted 00:02:00 (3164 turns).

Artool the Trooper (Demonspawn Fighter)             Turns: 3164, Time: 00:02:01

Health: -2/43      AC:  7    Str: 18    XL:     5   Next: 91%
Magic:  5/5        EV:  9    Int:  9    God:
Gold:   61         SH:  4    Dex: 13    Spells: 4/4 levels left

rFire   . . .      SeeInvis .   a - +0 flail
rCold   . . .      Faith    .   c - +0 buckler
rNeg    . . .      Spirit   .   b - +0 scale mail
rPois   .          Reflect  .   (no helmet)
rElec   .          Harm     .   (no cloak)
rCorr   .          Rampage  .   (no gloves)
Will    .....                   (no boots)
Stlth   ..........              (no amulet)
HPRegen 0.14/turn               (no ring)
MPRegen 0.09/turn               (no ring)

@: no status effects
A: claws 1, ignite blood 1
a: no special abilities


You were on level 3 of the Dungeon.
You visited 1 branch of the dungeon, and saw 3 of its levels.

You collected 61 gold pieces.

Inventory:

Hand Weapons
 a - a +0 flail (weapon)
Armour
 b - a +0 scale mail (worn)
 c - a +0 buckler (worn)
Scrolls
 f - a scroll of immolation {unknown}
 g - 2 scrolls of amnesia {unknown}
 h - a scroll of blinking {unknown}
 i - a scroll of enchant armour {unknown}
 j - 3 scrolls of identify {unknown}
 l - 2 scrolls of poison {unknown}
 m - a scroll of acquirement {unknown}
 n - a scroll of enchant weapon {unknown}
Potions
 d - 2 potions of might
 e - 3 potions of berserk rage {unknown}
 k - a potion of degeneration {unknown}


   Skills:
 + Level 4.5 Fighting
 + Level 3.5 Maces & Flails
 + Level 4.1 Armour
 - Level 2.6 Shields


You had 4 spell levels left.
You didn't know any spells.
Your spell library contained the following spells:

 Spells                   Type           Power      Damage    Failure   Level
 Magic Dart               Conj           0%         1d3       86%         1
 Searing Ray              Conj           0%         2d4       94%         2
 Ozocubu's Armour         Ice            0%         N/A       99%         3
 Fulminant Prism          Conj/Hex       0%         3d6       100%        4
 Metabolic Englaciation   Hex/Ice        0%         N/A       100%        5
 Simulacrum               Ice/Necr       0%         N/A       100%        6


Dungeon Overview and Level Annotations

Branches:
Dungeon (3/15)

Altars:
Gozag
Makhleb
Ru

Shops:
D:3 ?

Annotations:
D:1 2 transporters


Innate Abilities, Weirdness & Mutations

You have sharp fingernails.
Your demonic aura sometimes causes spilled blood to erupt in flames.


Message History

a +0 mace; a +0 ring mail You sock the orc priest!
The orc priest is severely wounded.
The orc priest hits you but does no damage.
The orc barely misses you.
There are monsters nearby!
You hit the orc priest but do no damage.
The orc priest is severely wounded.
You block the orc priest's attack. The orc hits you but does no damage.
There are monsters nearby!
You closely miss the orc priest.
The orc priest is severely wounded.
The orc priest calls down the wrath of Beogh upon you.
Pain shoots through your body! You block the orc's attack.
There are monsters nearby!
You hit the orc priest but do no damage.
The orc priest is severely wounded.
The orc priest hits you with a +0 dagger.
The orc hits you with a +0 short sword. x2
The orc priest hits you but does no damage.
There are monsters nearby!
You are too injured to fight recklessly!
There are monsters nearby!
You are too injured to fight recklessly!
You are too injured to fight recklessly!
You are too injured to fight recklessly!
There are monsters nearby!
There are monsters nearby!
You barely miss the orc priest.
The orc priest is severely wounded.
The orc priest mumbles some strange prayers to Beogh against you.
Beogh smites you!
* * * LOW HITPOINT WARNING * * *
The orc barely misses you.
You sock the orc priest!
You kill the orc priest!
The orc hits you with a +0 short sword.
* * * LOW HITPOINT WARNING * * *
The orc hits you with a +0 short sword.
You die...

## ..# ##.##
...# #..#
#..# #..##
#o@.#
########)#.#
#.†.....)#.#
#.########.#
#.# .# ..
#.# .# .###
#.# .# ....
#.# .#
#..### #.#


You could see an orc.

Vanquished Creatures
  An orc priest (D:3)
  A jelly (D:3)
  2 orc wizards (D:3)
  6 adders
  A worm (D:2)
  3 dart slugs
  7 orcs (D:3)
  9 endoplasms
  8 giant cockroaches
  5 goblins
  6 hobgoblins
  3 jackals (D:2)
  2 quokkas
  5 ball pythons
  5 bats
  2 frilled lizards (D:2)
  4 kobolds (D:1)
  3 rats
  A spectral kobold (D:1)
74 creatures vanquished.

Notes
Turn   | Place    | Note
-------+----------+-------------------------------------------
     0 | D:1      | Artool the Demonspawn Fighter began the quest for the Orb.
     0 | D:1      | Reached XP level 1. HP: 18/18 MP: 1/1
   321 | D:1      | Gained mutation: Your demonic aura sometimes causes spilled
                  | blood to erupt in flames. [demonic ancestry]
   321 | D:1      | Reached XP level 2. HP: 19/24 MP: 2/2
   594 | D:1      | Found a faded altar of an unknown god.
   863 | D:1      | Gained mutation: You have sharp fingernails. [demonic
                  | ancestry]
   863 | D:1      | Reached XP level 3. HP: 28/29 MP: 3/3
  1168 | D:2      | Found an opulent altar of Gozag.
  1691 | D:2      | Reached XP level 4. HP: 14/37 MP: 4/4
  1702 | D:2      | HP: 1/37 [frozen (2)]
  2564 | D:3      | Found Nycize's Magic Scroll Emporium.
  2654 | D:3      | Reached XP level 5. HP: 32/42 MP: 5/5
  2769 | D:3      | Found a sacrificial altar of Ru.
  3065 | D:3      | Found a burning altar of Makhleb.
  3163 | D:3      | HP: 1/43 [orc/+0 short sword (3)]
  3164 | D:3      | Slain by an orc

Illustrated notes

Levels and vault maps discovered:
D:1:      spicycebolla_arrival_transporter_tutorial, layout_basic,
          dreamdust_ecumenical_altar_drowned_temple
D:2:      layout_basic, basic_altar
D:3:      layout_loops_ring, mainiacjoe_overflow_tiny_flanked, minitemple,
          serial_shops, nicolae_shop_hallway_stairs, cheibrodos_gnoll_hut,
          uniq_jessica

Skill      XL: |  1  2  3  4  5 |
---------------+----------------+-----
Maces & Flails | 2 3 |  3.5
Armour         | 3 4 |  4.1
Fighting       | 4 |  4.5
Shields        | |  2.6

Action                   |  1- 3 |  4- 6 || total
-------------------------+-------+-------++-------
Melee: Flail             |   119 |   130 ||   249
Armor: Scale mail        |    59 |    63 ||   122
Dodge: Dodged            |    60 |    49 ||   109
Block: Buckler           |    23 |    30 ||    53
